 Dungeon Crawl Stone Soup version 0.21.1-1-g345015fe64 (webtiles) character file.

46 Naru the Charmwright (level 3, -3/29 HPs)
             Began as a Merfolk Skald on June 9, 2018.
             Slain by an orc warrior
             ... wielding a +0 hand axe
              (17 damage)
             ... on level 2 of the Dungeon.
             The game lasted 00:05:01 (1823 turns).

Naru the Charmwright (Merfolk Skald)                Turns: 1823, Time: 00:05:02

Health: -3/29      AC:  6    Str: 12    XL:     3   Next: 66%
Magic:  5/6        EV:  8    Int: 12    God:
Gold:   35         SH:  7    Dex: 13    Spells: 5/6 levels left

rFire    . . .     SeeInvis .   a - +0 falchion
rCold    . . .     Gourm    .   o - +0 shield
rNeg     . . .     Faith    .   m - +0 ring mail
rPois    .         Spirit   .   (no helmet)
rElec    .         Reflect  .   q - +0 cloak
rCorr    .         Harm     .   (no gloves)
MR       .....                  (no boots)
Stlth    ++........             (no amulet)
HPRegen  0.09/turn              p - ring of stealth
MPRegen  0.10/turn              (no ring)

@: very slightly contaminated
A: change form in water, swift swim, stealthy swim
a: no special abilities


You were on level 2 of the Dungeon.
You were not hungry.

You visited 1 branch of the dungeon, and saw 2 of its levels.

You collected 35 gold pieces.

Inventory:

Hand Weapons
 a - a +0 falchion (weapon)
Missiles
 e - 5 stones
 n - 7 tomahawks of returning (quivered)
Armour
 b - a +0 leather armour
 m - a +0 ring mail (worn)
 o - a +0 shield (worn)
 q - a +0 cloak (worn)
Jewellery
 f - an uncursed ring of wizardry
 p - a ring of stealth (left hand)
Potions
 d - a potion of might {unknown}
 k - a potion of resistance {unknown}
 l - 3 potions of curing
 s - a potion of flight {unknown}
Books
 c - a book of Battle

   Spells                             Type                      Level
   a - Infusion                       Charms                       1
   b - Shroud of Golubria             Charms/Translocation         2
   c - Song of Slaying                Charms                       2
   d - Spectral Weapon                Hexes/Charms                 3
   e - Regeneration                   Charms/Necromancy            3


   Skills:
 * Level 3.0 Fighting
 * Level 2.8 Long Blades
 - Level 0.6 Armour
 * Level 3.1 Dodging
 - Level 0.2 Stealth
 * Level 0.2 Shields
 - Level 2.0 Spellcasting
 + Level 3.8 Charms


You had 5 spell levels left.
You knew the following spells:

 Your Spells              Type           Power        Failure   Level  Hunger
a - Infusion              Chrm           ##..         65%         1    ##.....


Dungeon Overview and Level Annotations

Branches:
Dungeon (2/15)

Altars:


Message History

Casting: Infusion
Confirm with . or Enter, or press ? or * to list all spells.
You miscast Infusion.
You are very lightly contaminated with residual magic.
Nothing appears to happen.
You hit the orc warrior but do no damage.
The orc warrior barely misses you.
You completely miss the orc warrior.
The orc warrior hits you with a hand axe.
You hit the orc warrior.
The orc warrior is lightly wounded.
The orc warrior hits you with a hand axe.
The orc barely misses you.
You barely miss the orc warrior.
The orc warrior is lightly wounded.
The orc warrior hits you with a hand axe!
The orc hits you with a morningstar.
The orc warrior hits you with a hand axe!
Ouch! That really hurt!
You die...

..##...######.# ##.##
#.########## #.#
#..[.......)
#.###.##################
#.........(... #
#.#####..#.### # #..#.#
# #.o#.# ####
#######@o#.### #...
.......o.....####.###...
#######...............<.
#.##.######.#.#...
#######.##.# # #...
...........# ###.
#######.#### ..
#.########.. ..
#........... #.


You could see an orc warrior, an orc wizard and an orc.

Vanquished Creatures
  An adder (D:2)
  An ooze (D:2)
  A dart slug (D:1)
  A leopard gecko (D:2)
  2 giant cockroaches (D:1)
  4 goblins (D:1)
  2 hobgoblins (D:1)
  3 bats (D:1)
  2 frilled lizards (D:1)
  8 kobolds
  4 rats (D:1)
29 creatures vanquished.

Notes
Turn   | Place    | Note
-------+----------+-------------------------------------------
     0 | D:1      | Naru the Merfolk Skald began the quest for the Orb.
     0 | D:1      | Reached XP level 1. HP: 16/16 MP: 3/3
   235 | D:1      | Reached XP level 2. HP: 22/23 MP: 1/5
   738 | D:1      | Reached XP level 3. HP: 28/28 MP: 6/6
  1803 | D:2      | Noticed an orc warrior
  1823 | D:2      | Slain by an orc warrior

Skill      XL: |  1  2  3 |
---------------+----------+-----
Dodging        | 3 |  3.1
Fighting       | 3 |  3.0
Long Blades    | |  2.8
Armour         | |  0.6
Stealth        | |  0.2
Shields        | |  0.2
Spellcasting   | |  2.0
Charms         | |  3.8

Action                   || total
-------------------------++-------
Melee: Falchion          ||    88
Throw: Tomahawk          ||     1
 Cast: Infusion          ||     8
  Use: Scroll            ||     4
  Eat: Ration            ||     1
Armor: Leather armour    ||    13
       Ring mail         ||    12
Dodge: Dodged            ||    55
Block: Shield            ||    12
       Rpst.: Falchion   ||    14
